 Dungeon Crawl Stone Soup version 0.21.1-1-g345015f (webtiles) character file.

9 shakethe the Grave Robber (level 2, 0/20 HPs)
             Began as a Demonspawn Necromancer on Feb 20, 2018.
             Slain by a jackal (1 damage)
             ... on level 1 of the Dungeon.
             The game lasted 00:01:15 (600 turns).

shakethe the Grave Robber (Demonspawn Necromancer)   Turns: 600, Time: 00:01:15

Health: 0/20       AC:  3    Str:  8    XL:     2   Next: 6%
Magic:  1/5        EV: 12    Int: 16    God:
Gold:   7          SH:  0    Dex: 13    Spells: 4/5 levels left

rFire    . . .     SeeInvis .   f - +0 club
rCold    . . .     Gourm    .   (no shield)
rNeg     . . .     Faith    .   a - +0 robe
rPois    .         Spirit   .   (no helmet)
rElec    .         Reflect  .   (no cloak)
rCorr    .         Harm     .   e - +0 pair of gloves
MR       .....                  (no boots)
Stlth    ++........             (no amulet)
HPRegen  0.06/turn              (no ring)
MPRegen  0.09/turn              (no ring)

@: no status effects
A: talons 1
a: no special abilities


You were on level 1 of the Dungeon.
You were not hungry.

You visited 1 branch of the dungeon, and saw 1 of its levels.

You collected 7 gold pieces.

Inventory:

Hand Weapons
 f - a +0 club (weapon)
   (You took it off a goblin on level 1 of the Dungeon)
Armour
 a - a +0 robe (worn)
 e - a +0 pair of gloves (worn)
   (You found it on level 1 of the Dungeon)
 h - a +2 helmet
   (You found it on level 1 of the Dungeon)
Scrolls
 d - a scroll of identify {unknown}
Books
 b - a book of Necromancy
Comestibles
 c - 2 rations


   Skills:
 + Level 0.9 Fighting
 - Level 1.7 Dodging
 - Level 1.7 Stealth
 + Level 2.2 Spellcasting
 + Level 4.5 Necromancy


You had 4 spell levels left.
You knew the following spells:

 Your Spells              Type           Power        Failure   Level  Hunger
a - Pain                  Necr           ###.         3%          1    #......


Dungeon Overview and Level Annotations

Branches:
Dungeon (1/15)

Altars:


Innate Abilities, Weirdness & Mutations

You have sharp toenails.


Message History

You don't have enough magic to cast that spell.
You barely miss the hobgoblin. The hobgoblin barely misses you.
The hobgoblin hits you.
You take 1 damage, and have 10/14 hp.
You hit the hobgoblin but do no damage. The hobgoblin closely misses you.
You hit the hobgoblin but do no damage. The hobgoblin barely misses you.
You closely miss the hobgoblin. The hobgoblin closely misses you.
The rat closely misses you. The hobgoblin barely misses you.
You barely miss the hobgoblin. The rat barely misses you.
The hobgoblin hits you. The rat bites you.
* * * LOW HITPOINT WARNING * * *
You take 6 damage, and have 4/14 hp.
MASSIVE DAMAGE!!
The hobgoblin completely misses you.
The hobgoblin hits you but does no damage.
You see here a dagger.
MP restored: 3
Aim: a hobgoblin (chance to defeat MR: 87%)
The hobgoblin writhes in agony!
The hobgoblin hits you.
* * * LOW HITPOINT WARNING * * *
You take 1 damage, and have 4/14 hp.
You now have 2/3 mp.
Aim: a hobgoblin (heavily wounded, chance to defeat MR: 87%)
The hobgoblin writhes in agony!
You kill the hobgoblin!
You take 1 damage, and have 3/14 hp.
You now have 1/3 mp.
Aim: a rat (chance to defeat MR: 87%)
The rat writhes in agony!
You kill the rat!
You have reached level 2!
Your demonic ancestry asserts itself...
Your toenails lengthen and sharpen.
You now have 0/5 mp.
Sorry, you're not good enough to have a special ability.
You see here a rat corpse.
You butcher the rat corpse.
g - 2 chunks of flesh {@w0@w0} (gained 1)
You see here a rat skeleton.
You start resting.
Some of the chunks of flesh in your inventory have rotted away.
All of the chunks of flesh in your inventory have rotted away.
Health restored: 20; MP restored: 5 2 jackals come into view.
A jackal comes into view.
Aim: a jackal (resting, chance to defeat MR: 87%)
The jackal barks!
The jackal barely resists.
You hear a shout!
A jackal and a kobold come into view.
You take 1 damage, and have 19/20 hp.
You now have 4/5 mp.
Aim: a jackal (chance to defeat MR: 87%)
The jackal writhes in agony!
The jackal barks! x2
The jackal moves out of view.
You take 1 damage, and have 18/20 hp.
You now have 3/5 mp.
Aim: a jackal (moderately wounded, chance to defeat MR: 87%)
The jackal barely resists.
The jackal closely misses you.
You take 1 damage, and have 17/20 hp.
You now have 2/5 mp.
The jackal bites you but does no damage.
The jackal closely misses you. The jackal barely misses you.
You barely miss the jackal. You closely miss the jackal. The jackal bites you.
You take 2 damage, and have 15/20 hp.
You completely miss the jackal. The jackal bites you.
The jackal bites you but does no damage.
The jackal misses you. x2
You closely miss the jackal. You claw the jackal. The jackal barely misses you.
The jackal bites you. The jackal closely misses you.
You take 2 damage, and have 13/20 hp.
You barely miss the jackal. The jackal closely misses you.
The jackal bites you but does no damage.
The jackal bites you.
You take 2 damage, and have 11/20 hp.
You barely miss the jackal. The jackal bites you. x2
The jackal closely misses you.
The jackal bites you but does no damage.
You take 3 damage, and have 8/20 hp.
Aim: a jackal (moderately wounded, chance to defeat MR: 87%)
The jackal barely resists.
The jackal bites you.
* * * LOW HITPOINT WARNING * * *
The jackal bites you.
* * * LOW HITPOINT WARNING * * *
The jackal closely misses you. The jackal misses you.
You take 7 damage, and have 1/20 hp.
MASSIVE DAMAGE!!
You now have 2/5 mp.
The jackal writhes in agony!
You kill the jackal!
You now have 1/5 mp.
You hit the jackal. The jackal barely misses you.
The jackal bites you but does no damage.
The jackal barely misses you.
You barely miss the jackal. The jackal completely misses you.
The jackal barely misses you.
The jackal bites you but does no damage. x2
Unknown command.
You hit the jackal. Your kick misses the jackal.
The jackal bites you but does no damage.
The jackal bites you.
You die...

######## ###
#......#....
#......#....
#......K.. #......#
#K..# #h### #h####
#@h..# ####.# #...#
... #.###. #..# #.#
#. #... ####.# #.####
##.#.#####....###....
....................
.#.)##.#.######...###


You could see 3 jackals and a kobold.

Vanquished Creatures
  A leopard gecko (D:1)
  A goblin (D:1)
  2 hobgoblins (D:1)
  A jackal (D:1)
  A kobold (D:1)
  A rat (D:1)
7 creatures vanquished.

Notes
Turn   | Place    | Note
-------+----------+-------------------------------------------
     0 | D:1      | shakethe the Demonspawn Necromancer began the quest for the Orb.
     0 | D:1      | Reached XP level 1. HP: 13/13 MP: 3/3
   283 | D:1      | Gained mutation: You have sharp toenails. [demonic ancestry]
   283 | D:1      | Reached XP level 2. HP: 4/20 MP: 0/5
   596 | D:1      | HP: 4/20 [jackal (3)]
   596 | D:1      | HP: 1/20 [jackal (3)]
   600 | D:1      | Slain by a jackal

Action                   || total
-------------------------++-------
Melee: Club              ||    21
       Kick              ||     1
 Cast: Pain              ||    15
Armor: Robe              ||    11
Dodge: Dodged            ||    29

Vault maps used:
D:1:      minmay_arrival_four_houses

Table legend:
 A = Turns spent in this place as a percentage of turns spent in the entire game.
 B = Non-inter-level travel turns spent in this place as a percentage of non-inter-level travel turns spent in the entire game.
 C = Inter-level travel turns spent in this place as a percentage of turns spent in this place.
 D = Turns resting spent in this place as a percentage of non-inter-level travel turns spent in this place.
 E = Turns spent auto-exploring this place as a percentage of non-inter-level travel turns spent in this place.
 F = Non-inter-level travel turns spent in this place divided by the number of levels of this place that you've seen.
                   A       B       C       D       E      F
               +-------+-------+-------+-------+-------+----------------------
         Total | 100.0 | 100.0 |   0.0 |  66.8 |  13.2 | 600.0
       Dungeon | 100.0 | 100.0 |   0.0 |  66.8 |  13.2 | 600.0
               +-------+-------+-------+-------+-------+----------------------

Table legend:
 A = Kills in this place as a percentage of kills in entire the game.
 B = Kills by you in this place as a percentage of kills by you in the entire game.
 C = Kills by friends in this place as a percentage of kills by friends in the entire game.
 D = Other kills in this place as a percentage of other kills in the entire game.
 E = Experience gained in this place as a percentage of experience gained in the entire game.
 F = Experience gained in this place divided by the number of levels of this place that you have seen.
                   A       B       C       D       E      F
               +-------+-------+-------+-------+-------+----------------------
         Total | 100.0 | 100.0 |   N/A |   N/A | 100.0 |  14.0
       Dungeon | 100.0 | 100.0 |   N/A |   N/A | 100.0 |  14.0
               +-------+-------+-------+-------+-------+----------------------
